 Dungeon Crawl Stone Soup version 0.29.1-13-g9f3cf754e1 (webtiles) character file.

Game seed: 17010844035642113903

1354 croobank the Trooper (level 8, -4/67 HPs)
             Began as a Gnoll Abyssal Knight on Jan 27, 2023.
             Was a Priest of Lugonu.
             Slain by a troll (15 damage)
             ... on level 6 of the Dungeon.
             The game lasted 00:18:19 (7804 turns).

croobank the Trooper (Gnoll Abyssal Knight)         Turns: 7804, Time: 00:18:20

Health: -4/67      AC:  9    Str: 14    XL:     8   Next: 63%
Magic:  1/13       EV: 11    Int: 17    God:    Lugonu [***...]
Gold:   277        SH:  0    Dex:  8    Spells: 13/14 levels left

rFire   . . .      SeeInvis +   a - +3 short sword
rCold   . . .      Faith    .   (no shield)
rNeg    . . .      Spirit   .   g - +1 ring mail of Giwum {Rampage Dex-4 SInv Stlth+}
rPois   .          Reflect  .   (no helmet)
rElec   .          Harm     .   (no cloak)
rCorr   .          Rampage  +   v - +0 pair of gloves
Will    .....                   n - +0 pair of boots
Stlth   ++........              (no amulet)
HPRegen 0.21/turn               l - +6 ring of intelligence
MPRegen 0.13/turn               (no ring)

@: no status effects
A: fangs 1, strong nose, distributed training
a: Renounce Religion, Depart the Abyss, Bend Space, Banish


You were on level 6 of the Dungeon.
You worshipped Lugonu.
Lugonu was most pleased with you.
You visited 1 branch of the dungeon, and saw 6 of its levels.
You visited the Abyss 1 time.

You collected 400 gold pieces.
You spent 123 gold pieces at shops.

Inventory:

Hand Weapons
 a - a +3 short sword (weapon)
 c - a +0 dagger of freezing
 j - a +0 lajatang
 m - a +0 hand axe
 u - a +2 dagger of electrocution
Missiles
 d - 5 poisoned darts
 e - 5 boomerangs
 i - 2 javelins (quivered)
Armour
 g - the +1 ring mail of Giwum (worn) {Rampage Dex-4 SInv Stlth+}
   (You found it on level 3 of the Dungeon)

   Dex:       It affects your dexterity (-4).
   SInv:      It lets you see invisible.
   Rampage:   It bestows one free step when moving towards enemies.
   Stlth:     It makes you more stealthy.
 n - a +0 pair of boots (worn)
 v - a +0 pair of gloves (worn)
Jewellery
 l - a +6 ring of intelligence (left hand)
 o - a ring of ice
Wands
 x - a wand of digging (6)
 y - a wand of paralysis (11)
Scrolls
 f - a scroll of enchant armour
 h - a scroll of vulnerability
 k - 4 scrolls of identify
 p - a scroll of blinking
 q - 2 scrolls of poison
 s - a scroll of fear
 t - 2 scrolls of teleportation
Potions
 b - 2 potions of flight {unknown}
 r - a potion of heal wounds
 w - a potion of curing


   Skills:
 + Level 7.5 Fighting
 + Level 5.9 Short Blades
 + Level 3.5 Long Blades
 + Level 3.5 Axes
 + Level 3.5 Maces & Flails
 + Level 3.5 Polearms
 + Level 3.5 Staves
 + Level 3.5 Ranged Weapons
 + Level 3.5 Throwing
 + Level 5.9 Armour
 + Level 4.4 Dodging
 + Level 3.5 Stealth
 + Level 3.5 Shields
 + Level 3.5 Unarmed Combat
 + Level 3.5 Spellcasting
 + Level 2.9 Conjurations
 + Level 2.9 Hexes
 + Level 2.9 Summonings
 + Level 2.9 Necromancy
 + Level 2.9 Translocations
 + Level 2.9 Transmutations
 + Level 2.9 Fire Magic
 + Level 2.9 Ice Magic
 + Level 2.9 Air Magic
 + Level 2.9 Earth Magic
 + Level 2.9 Poison Magic
 + Level 6.1 Invocations
 + Level 3.5 Evocations


You had 13 spell levels left.
You knew the following spells:

 Your Spells              Type           Power      Damage    Failure   Level
a - Foxfire               Conj/Fire      52%        2x1d6     10%         1

Your spell library contained the following spells:

 Spells                   Type           Power      Damage    Failure   Level
 Conjure Flame            Conj/Fire      13%        6-21      28%         3
 Ignite Poison            Fire/Tmut/Pois 13%        N/A       28%         3
 Inner Flame              Hex/Fire       13%        N/A       28%         3
 Mephitic Cloud           Conj/Pois/Air  13%        N/A       28%         3
 Anguish                  Hex/Necr       6%         N/A       67%         4
 Flame Wave               Conj/Fire      13%        2d6       67%         4
 Freezing Cloud           Conj/Ice/Air   6%         6-21      95%         5
 Enfeeble                 Hex            6%         N/A       100%        7


Dungeon Overview and Level Annotations

Branches:
Dungeon (6/15)
 Temple: D:4-7

Altars:
Ru

Shops:
D:1 :(!   D:3 ?

Annotations:
D:6 1 runed translucent door
Abyss:1 Sigmund


Innate Abilities, Weirdness & Mutations

You have very sharp teeth.
Your uncanny sense of smell can sniff out nearby items.
Your experience applies equally to all skills.


Message History

You completely miss the white imp.
The white imp is almost dead.
The foxfire hits the white imp.
The white imp is burned terribly!
You kill the white imp!
Lugonu accepts your kill.
The foxfire hits the orc but does no damage.
The orc is heavily wounded.
The adder bites you but does no damage.
Casting: Foxfire (safe; 10% risk of failure)
Confirm with . or Enter, or press ? or * to list all spells.
You conjure some foxfire!
The adder bites you. The orc hits you but does no damage.
The adder bites you but does no damage.
You hit the orc.
You kill the orc!
Lugonu accepts your kill.
The foxfire hits the adder.
The adder is severely wounded.
The foxfire hits the adder.
You kill the adder!
Lugonu accepts your kill.
Casting: Foxfire (safe; 10% risk of failure)
Confirm with . or Enter, or press ? or * to list all spells.
You conjure some foxfire!
The gnoll hits you with a +0 whip.
You hit the gnoll but do no damage.
The foxfire hits the gnoll.
The gnoll is heavily wounded.
The foxfire hits the gnoll.
You kill the gnoll!
Lugonu accepts your kill.
Casting: Foxfire (safe; 10% risk of failure)
Confirm with . or Enter, or press ? or * to list all spells.
Okay, then.
The troll attacks as you move away! The troll bites you!
* * * LOW HITPOINT WARNING * * *
The troll barely misses you. x2
Space bends violently around you!
You blink.
The troll bites you.
* * * LOW HITPOINT WARNING * * *
The troll misses you. x2
Space bends violently around you!
You blink.
The troll blinks!
The troll bites you!
You die...

##.#..... .......
...#+ ..# #S# ##.#
##..# ####### #...#∆
#.T@..# ##)§# ##
#...§§## ###.###...
#......# #.......T.
#....))####.#.#(....
#...........#.######
############o..# #
....# .....# .....##


You could see a troll.

Vanquished Creatures
  An ice beast (D:6)
  3 ogres
  A centaur (D:5)
  A scorpion (D:5)
  5 hounds
  2 orc priests
  Jessica (D:2)
  3 orc wizards
  2 iguanas
  6 adders
  A gnoll (D:6)
  A white imp (D:6)
  2 ufetubi (D:5)
  2 worms
  4 dart slugs
  16 orcs
  5 ball pythons
  7 endoplasms
  3 giant cockroaches
  5 goblins
  3 hobgoblins
  4 jackals (D:1)
  6 kobolds
  2 quokkas
  8 bats
  6 frilled lizards
  10 rats
110 creatures vanquished.

Vanquished Creatures (others)
  36 foxfires
36 creatures vanquished.

Grand Total: 146 creatures vanquished

Notes
Turn   | Place    | Note
-------+----------+-------------------------------------------
     0 | Abyss:1  | croobank the Gnoll Abyssal Knight began the quest for the
                  | Orb.
     0 | Abyss:1  | Reached XP level 1. HP: 23/23 MP: 3/3
    24 | D:1      | Escaped the Abyss
    89 | D:1      | Found Vedgh's Antique Weapon Emporium.
   242 | D:1      | Found Ulyefraq's Distillery.
   264 | D:1      | Reached XP level 2. HP: 26/29 MP: 5/5
   507 | D:1      | Found Kaleshrap's Book Shoppe.
   752 | D:1      | Found a faded altar of an unknown god.
   861 | D:1      | Reached XP level 3. HP: 28/35 MP: 6/6
  1167 | D:2      | Reached *** piety under Lugonu
  1202 | D:2      | Learned a level 1 spell: Foxfire
  1463 | D:2      | Reached skill level 1 in Long Blades
  1463 | D:2      | Reached skill level 1 in Axes
  1463 | D:2      | Reached skill level 1 in Maces & Flails
  1463 | D:2      | Reached skill level 1 in Polearms
  1463 | D:2      | Reached skill level 1 in Staves
  1463 | D:2      | Reached skill level 1 in Ranged Weapons
  1463 | D:2      | Reached skill level 1 in Throwing
  1463 | D:2      | Reached skill level 1 in Stealth
  1463 | D:2      | Reached skill level 1 in Shields
  1463 | D:2      | Reached skill level 1 in Unarmed Combat
  1463 | D:2      | Reached skill level 1 in Spellcasting
  1463 | D:2      | Reached skill level 1 in Evocations
  1834 | D:2      | Reached XP level 4. HP: 41/41 MP: 7/7
  2043 | D:2      | Noticed Jessica
  2053 | D:2      | Killed Jessica
  2054 | D:2      | Reached skill level 1 in Conjurations
  2054 | D:2      | Reached skill level 1 in Hexes
  2054 | D:2      | Reached skill level 1 in Summonings
  2054 | D:2      | Reached skill level 1 in Necromancy
  2054 | D:2      | Reached skill level 1 in Translocations
  2054 | D:2      | Reached skill level 1 in Transmutations
  2054 | D:2      | Reached skill level 1 in Fire Magic
  2054 | D:2      | Reached skill level 1 in Ice Magic
  2054 | D:2      | Reached skill level 1 in Air Magic
  2054 | D:2      | Reached skill level 1 in Earth Magic
  2054 | D:2      | Reached skill level 1 in Poison Magic
  2362 | D:3      | Reached XP level 5. HP: 32/47 MP: 8/8
  3105 | D:4      | Noticed Sigmund
  3659 | D:2      | Reached skill level 5 in Invocations
  3929 | D:3      | Identified the +1 ring mail of Giwum {Rampage Dex-4 SInv
                  | Stlth+}
  4048 | D:3      | Found Xulydass's Magic Scroll Boutique.
  4056 | D:3      | Bought a scroll of blinking for 97 gold pieces
  4056 | D:3      | Bought a scroll of identify for 26 gold pieces
  4344 | D:4      | Banished Sigmund
  4345 | D:4      | Reached skill level 5 in Short Blades
  4345 | D:4      | Reached skill level 5 in Armour
  4345 | D:4      | Reached XP level 6. HP: 51/53 MP: 4/9
  4714 | D:4      | Found a sacrificial altar of Ru.
  5113 | D:5      | Entered Level 5 of the Dungeon
  5132 | D:5      | Reached skill level 7 in Fighting
  5132 | D:5      | Reached XP level 7. HP: 59/60 MP: 10/10
  5166 | D:5      | HP: 3/60 [orc priest/divine providence (11)]
  5176 | D:5      | HP: 3/60 [orc priest/nerve-wracking pain (11)]
  6737 | D:5      | Reached XP level 8. HP: 31/67 MP: 12/12
  7729 | D:6      | Noticed a troll
  7735 | D:6      | Found a runed translucent door.
  7804 | D:6      | Slain by a troll

Illustrated notes

Levels and vault maps discovered:
D:1:      lemuel_arrival_rhombus, layout_basic, serial_shops,
          nicolae_shop_hallway_stairs, nicolae_shop_statue_plus,
          nicolae_shop_advertising_works [nicolae_subvault_shop_adworks],
          ebering_ecumenical_altar_webs, minmay_stone_trees_small
D:2:      layout_basic, uniq_jessica
D:3:      layout_loops_ring, serial_shops, shop_fountains
D:4:      layout_rooms, mainiacjoe_overflow_catwalk, uniq_sigmund
D:5:      layout_loops_ring, nrook_uturn, roderic_roman_lattice,
          minmay_misc_feat_ornament
D:6:      layout_loops_cross, minmay_temple_entry_butterflies, serial_shops,
          nicolae_lakefront_shop, ebering_ghost_sewer_d

Skill      XL: |  1  2  3  4  5  6  7  8 |
---------------+-------------------------+-----
Long Blades    | 1 2 3 |  3.5
Axes           | 1 2 3 |  3.5
Maces & Flails | 1 2 3 |  3.5
Polearms       | 1 2 3 |  3.5
Staves         | 1 2 3 |  3.5
Ranged Weapons | 1 2 3 |  3.5
Throwing       | 1 2 3 |  3.5
Stealth        | 1 2 3 |  3.5
Shields        | 1 2 3 |  3.5
Unarmed Combat | 1 2 3 |  3.5
Spellcasting   | 1 2 3 |  3.5
Evocations     | 1 2 3 |  3.5
Conjurations   | 1 2 |  2.9
Hexes          | 1 2 |  2.9
Summonings     | 1 2 |  2.9
Necromancy     | 1 2 |  2.9
Translocations | 1 2 |  2.9
Transmutations | 1 2 |  2.9
Fire Magic     | 1 2 |  2.9
Ice Magic      | 1 2 |  2.9
Air Magic      | 1 2 |  2.9
Earth Magic    | 1 2 |  2.9
Poison Magic   | 1 2 |  2.9
Dodging        | 3 4 |  4.4
Invocations    | 5 6 |  6.1
Short Blades   | 5 |  5.9
Armour         | 5 |  5.9
Fighting       | 7 |  7.5

Action                   |  1- 3 |  4- 6 |  7- 9 || total
-------------------------+-------+-------+-------++-------
Melee: Short sword       |   145 |   210 |   222 ||   577
       Bite              |    12 |    26 |    27 ||    65
       Punch             |     2 |     3 |     5 ||    10
Throw: Javelin           |       |     5 |     5 ||    10
       Dart              |       |     2 |       ||     2
       Boomerang         |       |     2 |       ||     2
 Cast: Foxfire           |     9 |       |    10 ||    19
Invok: Bend Space        |       |     1 |     3 ||     4
       Banish            |       |     1 |     2 ||     3
  Use: Potion            |       |     2 |     5 ||     7
       Scroll            |       |     7 |     3 ||    10
 Stab: Sleeping          |     3 |     1 |     6 ||    10
Armor: Leather armour    |    41 |    31 |       ||    72
       Ring mail         |       |    27 |    94 ||   121
Dodge: Dodged            |    77 |   116 |   115 ||   308
